 Dungeon Crawl Stone Soup version 0.29-a0-284-gf9362112df (webtiles) character file.

Game seed: 3601572379607940595

30 sammy202020 the Skirmisher (level 3, 29/29 HPs)
             Began as a Demonspawn Berserker on Mar 29, 2022.
             Was a Follower of Trog.
             Quit the game on level 1 of the Dungeon.
             The game lasted 00:01:30 (1300 turns).

sammy202020 the Skirmisher (Demonspawn Berserker)   Turns: 1300, Time: 00:01:30

Health: 29/29      AC:  8    Str: 19    XL:     3   Next: 5%
Magic:  3/3        EV: 23    Int: 10    God:    Trog [*.....]
Gold:   52         SH:  0    Dex: 12    Spells: 2/2 levels left

rFire   . . .      SeeInvis .   a - +0 hand axe
rCold   . . .      Faith    .   (no shield)
rNeg    . . .      Spirit   .   h - +0 chain mail
rPois   .          Reflect  .   (helmet restricted)
rElec   .          Harm     .   (no cloak)
rCorr   .          Rampage  .   (no gloves)
Will    .....                   (no boots)
Stlth   ..........              c - amulet of the acrobat
HPRegen 0.09/turn               (no ring)
MPRegen 0.08/turn               (no ring)

@: acrobatic
A: antennae 1, big brain 1
a: Renounce Religion, Berserk


You were on level 1 of the Dungeon.
You worshipped Trog.
Trog was aware of your devotion.
You visited 1 branch of the dungeon, and saw 1 of its levels.

You collected 52 gold pieces.

Inventory:

Hand Weapons
 a - a +0 hand axe (weapon)
Missiles
 e - 4 boomerangs (quivered)
Armour
 h - a +0 chain mail (worn)
Jewellery
 c - an amulet of the acrobat (around neck)
Scrolls
 b - a scroll of teleportation {unknown}
 d - a scroll of summoning {unknown}
 f - a scroll of vulnerability {unknown}
 g - 2 scrolls of identify {unknown}
 i - a scroll of enchant armour {unknown}
Potions
 j - a potion of heal wounds {unknown}


   Skills:
 * Level 3.3 Fighting
 * Level 3.1 Axes
 * Level 2.3 Armour
 + Level 2.0 Dodging


You had 2 spell levels left.
You didn't know any spells.
Your spell library was empty.

Dungeon Overview and Level Annotations

Branches:
Dungeon (1/15)

Altars:


Innate Abilities, Weirdness & Mutations

You have a pair of small antennae on your head.
You have an unusually large brain. (Int +2)


Message History

A ball python is nearby!
A ball python is nearby!
The ball python bites you but does no damage.
The ball python completely misses you.
You hit the ball python.
The ball python is moderately wounded.
The ball python bites you but does no damage.
The ball python grabs you. The ball python constricts you.
You closely miss the ball python.
The ball python is moderately wounded.
The ball python barely misses you. The ball python constricts you.
The ball python bites you but does no damage.
The ball python constricts you.
You barely miss the ball python.
The ball python is moderately wounded.
The ball python bites you but does no damage.
The ball python constricts you.
You hit the ball python.
The ball python is severely wounded.
The ball python bites you but does no damage.
The ball python constricts you.
You slash the ball python!
You kill the ball python!
Trog accepts your kill.
No target in view!
No target in view!
No target in view!
No target in view!
No target in view!
You now have 52 gold pieces (gained 7).
You enter the shallow water.
Moving in this stuff is going to be slow.
You enter the shallow water.
Moving in this stuff is going to be slow.
j - a bubbling green potion Done exploring.
Done exploring.
No target in view!
Unknown command.
Are you sure you want to abandon this character and quit the game? (Confirm with "yes".)

....####### #.# #.### ######.#
#.### #...##.########## ....#
###...##.##.......# #.#.#
#........##.#####.#
#...######........##.#####.#####
#....................##........##
###.#####.##............##.###...
....# ##.##_...@#......##.# ####
##### #...####..#.........# #...#
#..#...#..#### ### #...#
#......#..# ..# #...# ##...#....#
####### #.######...#######...#..#
#.....#
#.#..(..........#...##..###.....#
.)........[........(.#.#........#
#.#.............#.........#.....#


There were no monsters in sight!

Vanquished Creatures
  6 ball pythons (D:1)
  3 bats (D:1)
  2 endoplasms (D:1)
  2 giant cockroaches (D:1)
  5 hobgoblins (D:1)
  3 kobolds (D:1)
  4 frilled lizards (D:1)
  2 goblins (D:1)
  A rat (D:1)
28 creatures vanquished.

Notes
Turn   | Place    | Note
-------+----------+-------------------------------------------
     0 | D:1      | sammy202020 the Demonspawn Berserker began the quest for
                  | the Orb.
     0 | D:1      | Reached XP level 1. HP: 18/18 MP: 1/1
    93 | D:1      | Found a faded altar of an unknown god.
   198 | D:1      | Gained mutation: You have an unusually large brain. (Int
                  | +2) [demonic ancestry]
   198 | D:1      | Reached XP level 2. HP: 16/24 MP: 2/2
  1006 | D:1      | Gained mutation: You have a pair of small antennae on your
                  | head. [demonic ancestry]
  1006 | D:1      | Reached XP level 3. HP: 29/29 MP: 3/3
  1300 | D:1      | Quit the game

Illustrated notes

Levels and vault maps discovered:
D:1:      psy_arrival_conway, layout_loops_cross, basic_ecumenical_altar,
          minmay_tetromino_s2

Skill      XL: |  1  2 |
---------------+-------+-----
Armour         | 2 |  2.3
Axes           | 3 |  3.1
Dodging        | 2 |  2.0
Fighting       | |  3.3

Action                   || total
-------------------------++-------
Melee: Hand axe          ||    76
Throw: Boomerang         ||     1
Armor: Animal skin       ||     4
       Chain mail        ||    13
       Leather armour    ||     6
Dodge: Dodged            ||    50

Table legend: (Time is in decaauts)
 A = Elapsed time spent in this place.
 B = Non-inter-level travel time spent in this place.
 C = Inter-level travel time spent in this place.
 D = Time resting spent in this place.
 E = Time spent auto-exploring this place.
 F = Levels seen in this place.
 G = Mean time per level.
                   A        B        C        D        E       F      G
               +--------+--------+--------+--------+--------+-----+--------+
         Total |   1317 |   1301 |     16 |      0 |   1100 |   1 | 1317.0 |
       Dungeon |   1317 |   1301 |     16 |      0 |   1100 |   1 | 1317.0 |
               +--------+--------+--------+--------+--------+-----+--------+

Top non-repeatable levels by time:
     D:1: 1317 daAuts
